 Dungeon Sprint DCSS version 0.23.2-1-ga50397a6bc (webtiles) character file.

Game seed: 15269165985359327500

436 Kobolds4U the Cleaver (level 6, -16/64 HPs)
             Began as a Minotaur Berserker on May 10, 2019.
             Was a Believer of Trog.
             Demolished by a slime creature (20 damage)
             ... in the Dungeon (Sprint I: "Red Sonja").
             The game lasted 00:00:55 (688 turns).

Kobolds4U the Cleaver (Minotaur Berserker)           Turns: 688, Time: 00:00:56

Health: -16/64     AC:  3    Str: 22    XL:     6   Next: 69%
Magic:  5/5        EV: 15    Int:  4    God:    Trog [**....]
Gold:   297        SH:  0    Dex: 11    Spells: 5/5 levels left

rFire    . . .     SeeInvis .   a - +0 hand axe
rCold    . . .     Gourm    .   (no shield)
rNeg     . . .     Faith    .   k - +0 leather armour
rPois    .         Spirit   .   (helmet restricted)
rElec    .         Reflect  .   (no cloak)
rCorr    .         Harm     .   (no gloves)
MR       .....     NoTele   +   (no boots)
Stlth    +.........             (no amulet)
HPRegen  0.20/turn              (no ring)
MPRegen  0.09/turn              (no ring)

@: no status effects
A: retaliatory headbutt, horns 2
a: Berserk, Trog's Hand, Renounce Religion


You were in the Dungeon.
You worshipped Trog.
Trog was pleased with you.
You were not hungry.

You visited 1 branch You collected 297 gold pieces.

Inventory:

Hand Weapons
 a - a +0 hand axe (weapon)
Armour
 k - a +0 leather armour (worn)
Scrolls
 i - a scroll of blinking
Potions
 d - a potion of curing
 e - 2 potions of heal wounds
 f - a potion of haste
 g - 2 potions of magic
 h - a potion of berserk rage
Comestibles
 c - 2 rations


   Skills:
 + Level 9.4 Fighting
 * Level 12.4 Axes
 - Level 2.4 Armour
 + Level 8.2 Dodging


You had 5 spell levels left.
You didn't know any spells.
Your spell library was empty.

Dungeon Overview and Level Annotations

Branches:
Dungeon (1/1)

Altars:
Cheibriados
Dithmenos
Elyvilon
Fedhas
Gozag
Hepliaklqana
Kikubaaqudgha
Makhleb
Nemelex Xobeh
Okawaru
Qazlal
Ru
Sif Muna
Trog
Uskayaw
Vehumet
Wu Jian
Xom
Yredelemnul
Zin
The Shining One
Jiyva
Lugonu

Shops:
D (


Innate Abilities, Weirdness & Mutations

You reflexively headbutt those who attack you in melee.
You have a pair of horns on your head.


Message History

You headbutt the slime creature, but do no damage.
You hit the slime creature but do no damage.
The slime creature is heavily wounded.
The slime creature hits you!
You hit the slime creature.
The slime creature is heavily wounded.
You hit the slime creature.
The slime creature is heavily wounded.
The slime creature hits you!
* * * LOW HITPOINT WARNING * * *
You slash the slime creature! You headbutt the slime creature!
The slime creature is almost dead.
The slime creature hits you.
* * * LOW HITPOINT WARNING * * *
You slash the slime creature!
The slime creature is almost dead.
You completely miss the slime creature. You headbutt the slime creature.
The slime creature is almost dead.
The slime creature hits you!!
You die...

###################
#<.#..)..#.)'..#__#
#..'[.#..'..#..@^.+
#..#####'#####'#J_#
#..####..#...#.####
#..#__####..##.#
#..#_____##'#_.+
#⌠⌠#_.∩...'..._#
####_..__##_.#'#
#_____###+#:#
####### ###


You could see a slime creature.

Vanquished Creatures
  Sigmund (D)
  A yak (D)
  An ogre (D)
  A jelly (D)
  Ijyb (D)
5 creatures vanquished.

Vanquished Creatures (others)
  A hornet (D)
1 creature vanquished.

Grand Total: 6 creatures vanquished

Notes
Turn   | Place    | Note
-------+----------+-------------------------------------------
     0 | D        | Kobolds4U the Minotaur Berserker began the quest for the
                  | Orb.
     0 | D        | Reached XP level 1. HP: 19/19 MP: 0/0
     1 | D        | Noticed Ijyb
     8 | D        | Killed Ijyb
     8 | D        | Reached skill level 5 in Fighting
     8 | D        | Reached skill level 6 in Axes
     8 | D        | Reached XP level 2. HP: 20/29 MP: 1/1
   102 | D        | Noticed an ogre
   106 | D        | Killed an ogre
   106 | D        | Reached skill level 8 in Axes
   106 | D        | Reached skill level 5 in Dodging
   106 | D        | Reached XP level 3. HP: 19/38 MP: 2/2
   106 | D        | Reached XP level 4. HP: 22/45 MP: 3/3
   296 | D        | Noticed Sigmund
   307 | D        | Killed Sigmund
   307 | D        | Reached ** piety under Trog
   307 | D        | Reached skill level 11 in Axes
   307 | D        | Reached XP level 5. HP: 26/53 MP: 4/4
   307 | D        | Reached XP level 6. HP: 30/61 MP: 5/5
   470 | D        | Found an ornate altar of the Wu Jian Council.
   470 | D        | Found a deep blue altar of Sif Muna.
   472 | D        | Found a radiant altar of Vehumet.
   507 | D        | Killed a hornet
   547 | D        | Found Deag's Antique Weapon Emporium.
   547 | D        | Found an ancient bone altar of Kikubaaqudgha.
   547 | D        | Found a hazy altar of Hepliaklqana.
   547 | D        | Found a stormy altar of Qazlal.
   547 | D        | Found a hide-covered altar of Uskayaw.
   547 | D        | Found a blossoming altar of Fedhas.
   547 | D        | Found a bloodstained altar of Trog.
   547 | D        | Found an iron altar of Okawaru.
   547 | D        | Found a basalt altar of Yredelemnul.
   547 | D        | Found a glowing golden altar of the Shining One.
   547 | D        | Found a snail-covered altar of Cheibriados.
   547 | D        | Found a sacrificial altar of Ru.
   547 | D        | Found a glowing silver altar of Zin.
   547 | D        | Found a shadowy altar of Dithmenos.
   547 | D        | Found a white marble altar of Elyvilon.
   547 | D        | Noticed a yak
   556 | D        | Killed a yak
   556 | D        | Reached skill level 12 in Axes
   557 | D        | Found an opulent altar of Gozag.
   558 | D        | Found a sparkling altar of Nemelex Xobeh.
   677 | D        | Found a viscous altar of Jiyva.
   677 | D        | Found a corrupted altar of Lugonu.
   677 | D        | Noticed a slime creature
   678 | D        | Found a burning altar of Makhleb.
   678 | D        | Found a shimmering altar of Xom.
   688 | D        | Demolished by a slime creature

Skill      XL: |  1  2  3  4  5  6 |
---------------+-------------------+-----
Fighting       | 5 6 8 9 |  9.4
Axes           | 6 8 11 12 | 12.4
Dodging        | 3 5 7 8 |  8.2
Armour         | |  2.4

Action                   |  1- 3 |  4- 6 || total
-------------------------+-------+-------++-------
Melee: Hand axe          |     9 |    31 ||    40
       Headbutt          |     4 |    10 ||    14
Invok: Berserk           |     1 |       ||     1
Dodge: Dodged            |     3 |    10 ||    13
